 Dungeon Crawl Stone Soup version 0.31.0-11-ge490571c62 (webtiles) character file.

Game seed: 13610756555698431847

993 LabCoat the Trooper (level 8, -1/70 HPs)
             Began as a Hill Orc Fighter on Feb 7, 2024.
             Slain by an ogre
             ... wielding a +0 giant spiked club
              (28 damage)
             ... on level 5 of the Dungeon.
             The game lasted 00:12:45 (4067 turns).

LabCoat the Trooper (Hill Orc Fighter)              Turns: 4067, Time: 00:12:46

Health: -1/70      AC: 12    Str: 27    XL:     8   Next: 19%
Magic:  8/8        EV:  9    Int:  8    God:
Gold:   201        SH:  4    Dex: 10    Spells: 7/7 levels left

rFire   . . .        a - +0 war axe
rCold   . . .        c - +0 buckler
rNeg    . . .        s - +0 chain mail
rPois   .            v - +0 helmet
rElec   .            x - scarf {repulsion}
rCorr   .            (no gloves)
SInv    .            h - +0 pair of boots
Will    .....        (no amulet) Stlth
                     n - +6 ring of strength
HPRegen 0.31/turn    (no ring)
MPRegen 0.11/turn

%: repel missiles
@: no status effects
A: no striking features
a: no special abilities


You were on level 5 of the Dungeon.
You visited 2 branches of the dungeon, and saw 6 of its levels.

You collected 201 gold pieces.

Inventory:

Hand Weapons
 a - a +0 war axe (weapon)
Missiles
 d - 2 poisoned darts (quivered)
Armour
 c - a +0 buckler (worn)
 h - a +0 pair of boots (worn)
 s - a +0 chain mail (worn)
 v - a +0 helmet (worn)
 x - a scarf of repulsion (worn)
Jewellery
 i - a +6 ring of intelligence
 n - a +6 ring of strength (left hand)
Talismans
 t - a maw talisman
Wands
 y - a wand of charming (8)
Scrolls
 b - a scroll of noise {unknown}
 f - a scroll of vulnerability {unknown}
 j - a scroll of enchant weapon {unknown}
 k - 2 scrolls of revelation
 l - a scroll of teleportation
 o - a scroll of immolation {unknown}
 B - a scroll of fog {unknown}
Potions
 e - a potion of lignification
 g - a potion of resistance
 m - a potion of curing
 p - a potion of attraction
 q - 2 potions of magic
 r - a potion of mutation
 u - a potion of heal wounds {unknown}
 w - a potion of cancellation {unknown}
 z - a potion of enlightenment {unknown}
 A - a potion of haste {unknown}


   Skills:
 * Level 6.0 Fighting
 * Level 5.8 Axes
 + Level 2.3 Throwing
 * Level 5.4 Armour
 + Level 2.0 Dodging
 + Level 4.3 Shields
 * Level 3.4 Evocations


You had 7 spell levels left.
You didn't know any spells.
Your spell library was empty.

Dungeon Overview and Level Annotations

Branches:
Dungeon (5/15)             Temple (1/1) D:5

Altars:
Ashenzari
Dithmenos
Elyvilon
Fedhas
Gozag
Makhleb
Nemelex Xobeh
Qazlal
Sif Muna
Vehumet
Wu Jian
Xom
Yredelemnul
Zin
The Shining One

Shops:
D:2 ?

Annotations:
D:1 2 transporters


Message History

The hound is heavily wounded.
You barely miss the adder. You block the hound's attack. The adder bites you.
The hound bites you but does no damage.
You barely miss the hound.
The hound is heavily wounded.
You miss the adder. The hound bites you but does no damage.
The adder bites you but does no damage. The hound bites you but does no damage.
The adder closely misses you.
You slash the hound!
You kill the hound!
You hit the adder but do no damage. The adder bites you.
Your Fighting skill increases to level 6!
Throw: 3 darts (poison)
Press: ? - help, Q - select action, (/) - cycle Shift-Dir - straight line, f - ogre
Aim: an ogre, wielding a +0 giant spiked club (73% to hit)
You throw a poisoned dart.
The poisoned dart barely misses the ogre.
You block the adder's attack. The adder barely misses you.
You hit the ogre but do no damage. You closely miss the adder.
The adder closely misses you.
The ogre hits you with a +0 giant spiked club!
You slash the ogre!
The ogre is heavily wounded.
You hit the adder. The adder bites you but does no damage.
The adder barely misses you.
The ogre hits you with a +0 giant spiked club!!
You completely miss the ogre.
The ogre is heavily wounded.
You closely miss the adder. The adder bites you but does no damage.
You hit the ogre.
The ogre is heavily wounded.
You slash the adder!
You kill the adder!
The ogre hits you with a +0 giant spiked club!
* * * LOW HITPOINT WARNING * * *
You feel better. The ogre closely misses you.
You hit the ogre.
The ogre is heavily wounded.
The ogre hits you with a +0 giant spiked club!!
You die...

#........# .(
#........#...
#........#..
#........'.
#........###.
#...........#
#...†.O...#
#....@....#
#.........#
###.........# ######
#......####.# #....#
#......# #
#....#####......#
'†...'...'..........
#....#####......####
#.[..# #......#


You could see an ogre.

Vanquished Creatures
  Grinder (D:4)
  Eustachio (D:5)
  A phantom (D:5)
  A scorpion (D:5)
  A hound (D:5)
  2 jellies
  2 sleepcaps (D:5)
  Natasha (thrice) (D:3)
  3 orc wizards (D:3)
  Robin (D:3)
  9 adders
  3 gnolls (D:3)
  2 ufetubi (D:4)
  2 dart slugs
  6 orcs
  4 bats
  10 endoplasms
  6 giant cockroaches
  13 goblins
  5 hobgoblins
  2 jackals (D:2)
  2 quokkas (D:2)
  4 ball pythons
  2 frilled lizards
  5 kobolds
  7 rats
98 creatures vanquished.

Notes
Turn   | Place    | Note
-------+----------+-------------------------------------------
     0 | D:1      | LabCoat the Hill Orc Fighter began the quest for the Orb.
     0 | D:1      | Reached XP level 1. HP: 19/19 MP: 1/1
   331 | D:1      | Reached XP level 2. HP: 27/27 MP: 2/2
   954 | D:2      | Reached skill level 4 in Fighting
   954 | D:2      | Reached XP level 3. HP: 33/33 MP: 3/3
  1149 | D:2      | Reached skill level 1 in Evocations
  1511 | D:2      | Found Xiakkiv's Magic Scroll Shop.
  1777 | D:2      | Reached XP level 4. HP: 40/40 MP: 4/4
  1825 | D:3      | Noticed Natasha
  1828 | D:3      | Reached skill level 1 in Throwing
  1834 | D:3      | Reached XP level 5. HP: 21/47 MP: 5/5
  1837 | D:3      | Reached skill level 1 in Dodging
  1840 | D:3      | Killed Natasha
  1844 | D:3      | Noticed Natasha
  1850 | D:3      | Killed Natasha
  1867 | D:3      | Noticed Natasha
  1875 | D:3      | Killed Natasha
  2017 | D:3      | Found a radiant altar of Vehumet.
  2045 | D:3      | Reached XP level 6. HP: 53/53 MP: 6/6
  2215 | D:3      | Noticed Robin
  2225 | D:3      | Killed Robin
  3071 | D:4      | Reached skill level 5 in Fighting
  3352 | D:4      | Noticed Grinder
  3370 | D:4      | Killed Grinder
  3371 | D:4      | Reached skill level 5 in Axes
  3371 | D:4      | Reached XP level 7. HP: 50/61 MP: 7/7
  3586 | D:5      | Entered Level 5 of the Dungeon
  3595 | D:5      | Reached skill level 5 in Armour
  3731 | D:5      | Found a staircase to the Ecumenical Temple.
  3774 | D:5      | Noticed Eustachio
  3804 | D:5      | Killed Eustachio
  3815 | Temple   | Entered the Ecumenical Temple
  3865 | D:5      | Reached XP level 8. HP: 64/70 MP: 8/8
  4061 | D:5      | Reached skill level 6 in Fighting
  4067 | D:5      | Slain by an ogre

Illustrated notes

Levels and vault maps discovered:
D:1:      spicycebolla_arrival_transporter_tutorial, layout_basic,
          chequers_serial_rivers_large_b
D:2:      layout_loops_corners, serial_shops, nicolae_shop_tiny_waterfront
D:3:      layout_basic, nicolae_vehumet_radiance, st_stairs_5, uniq_natasha,
          uniq_robin
D:4:      layout_rooms, uniq_grinder
D:5:      layout_basic, mainiacjoe_overflow_tiny_flanked, lemuel_round_altar,
          trog_wizard, minmay_temple_entry_waves, serial_shops,
          nicolae_shop_just_a_little_nook, minmay_holes, uniq_eustachio
Temple:   nicolae_temple_bog_church

Skill      XL: |  1  2  3  4  5  6  7  8 |
---------------+-------------------------+-----
Axes           | 3 4 5 |  5.8
Fighting       | 4 5 6 |  6.0
Evocations     | 1 2 3 |  3.4
Throwing       | 1 2 |  2.3
Armour         | 4 5 |  5.4
Dodging        | 1 2 |  2.0
Shields        | 4 |  4.3

Action                     |  1- 3 |  4- 6 |  7- 9 || total
---------------------------+-------+-------+-------++-------
  Melee: War axe           |    96 |   105 |    76 ||   277
  Throw: Dart              |       |     5 |     1 ||     6
         Throwing net      |       |     1 |     1 ||     2
    Use: Scroll            |     1 |     6 |     1 ||     8
         Potion            |       |     2 |     1 ||     3
 Armour: Scale mail        |    78 |       |       ||    78
         Chain mail        |    11 |   115 |    83 ||   209
  Dodge: Dodged            |    33 |    62 |    45 ||   140
  Block: Buckler           |    16 |    28 |    31 ||    75
